 Dungeon Crawl Stone Soup version 0.24.0-123-gd5b16e6ec5 (webtiles) character file.

Game seed: 13510834106223911742, levelgen mode: deterministic

49 Azuregosa the Skirmisher (level 3, -7/34 HPs)
             Began as a Hill Orc Abyssal Knight on Dec 29, 2019.
             Was a Believer of Lugonu.
             Mangled by Sigmund
             ... wielding a +0 scythe
              (12 damage)
             ... on level 2 of the Dungeon.
             The game lasted 00:15:35 (1690 turns).

Azuregosa the Skirmisher (Hill Orc Abyssal Knight)  Turns: 1690, Time: 00:15:36

Health: -7/34      AC:  3    Str: 15    XL:     3   Next: 75%
Magic:  5/5        EV: 11    Int: 12    God:    Lugonu [**....]
Gold:   39         SH:  0    Dex: 10    Spells: 0/2 levels left

rFire    . . .     SeeInvis .   k - +0 hand axe
rCold    . . .     Gourm    .   (no shield)
rNeg     . . .     Faith    .   b - +0 leather armour
rPois    .         Spirit   .   (no helmet)
rElec    .         Reflect  .   (no cloak)
rCorr    .         Harm     .   (no gloves)
MR       .....                  (no boots)
Stlth    +.........             (no amulet)
HPRegen  0.11/turn              (no ring)
MPRegen  0.09/turn              (no ring)

@: no status effects
A: no striking features
a: Depart the Abyss, Bend Space, Renounce Religion


You were on level 2 of the Dungeon.
You worshipped Lugonu.
Lugonu was pleased with you.
You were not hungry.

You visited 1 branch of the dungeon, and saw 3 of its levels.
You visited the Abyss 1 time.

You collected 39 gold pieces.

Inventory:

Hand Weapons
 a - a +1 mace
 k - a +0 hand axe (weapon)
Missiles
 f - 33 arrows
 g - 38 stones (quivered)
Armour
 b - a +0 leather armour (worn)
Scrolls
 i - a scroll of teleportation {unknown}
 j - a scroll of magic mapping {unknown}
Potions
 e - 4 potions of degeneration {unknown}
 h - a potion of haste {unknown}
Comestibles
 c - 5 rations
 d - 4 chunks of flesh


   Skills:
 + Level 4.6 Fighting
 * Level 0.4(2.2) Axes
 - Level 2.9(3.0) Maces & Flails
 + Level 2.5 Armour
 - Level 0.8 Dodging
 + Level 2.7 Invocations


You couldn't memorise any spells.
You knew the following spells:

 Your Spells              Type           Power        Failure   Level  Hunger
a - Call Imp              Summ           #.......     52%         2    ###....

Your spell library contained the following spells:

 Spells                   Type           Power        Failure   Level  Hunger
 Magic Dart               Conj           #...         38%         1    ##.....
 Blink                    Tloc           N/A          52%         2    ###....
 Slow                     Hex            #.......     52%         2    ###....
 Conjure Flame            Conj/Fire      #.......     77%         3    ####...
 Mephitic Cloud           Conj/Pois/Air  #.......     77%         3    ####...
 Ice Form                 Ice/Tmut       #.......     99%         4    #####..
 Metabolic Englaciation   Hex/Ice        #.........   100%        5    ######.
 Bolt of Cold             Conj/Ice       #.........   100%        6    #######
 Freezing Cloud           Conj/Ice/Air   #.........   100%        6    #######
 Ozocubu's Refrigeration  Ice            #.........   100%        6    #######
 Simulacrum               Ice/Necr       #.........   100%        6    #######


Dungeon Overview and Level Annotations

Branches:
Dungeon (3/15)

Altars:
Fedhas

Annotations:
D:2 Sigmund


Message History

Sigmund is almost dead.
Sigmund barely misses you.
You barely miss Sigmund.
Sigmund is almost dead.
Sigmund barely misses you.
You hit Sigmund but do no damage.
Sigmund is almost dead.
Sigmund casts a spell at you. The magic dart hits you!
* * * LOW HITPOINT WARNING * * *
You hit Sigmund but do no damage.
Sigmund is almost dead.
Sigmund barely misses you.
You closely miss Sigmund.
Sigmund is almost dead.
Sigmund gestures wildly while chanting.
Sigmund flickers and vanishes!
Deactivating autopickup; reactivate with Ctrl-A.
You hit something but do no damage. Something hits you!
You die...

##.# #.#.# ##.# #.#.#
.#.# #.#.#
.#.#########
...#........
#..#.#########
#.............
##.#....############.#
#>####.#......{@....#
#.# #.#.#......######
#.# #.#.#.............
#.# #.#.#......#......
#.# #.#......[##.#####
#.####.#.#.........
#........#...####.##
#######.#..)....##
...........รท.....#


There were no monsters in sight!

Vanquished Creatures
  An ooze (D:1)
  2 dart slugs (D:1)
  A leopard gecko (D:3)
  2 bats (D:1)
  4 giant cockroaches
  4 goblins
  4 hobgoblins
  3 jackals (D:1)
  A ball python (D:1)
  4 frilled lizards
  5 kobolds
  5 rats
36 creatures vanquished.

Vanquished Creatures (collateral kills)
  A frilled lizard (D:2)
1 creature vanquished.

Grand Total: 37 creatures vanquished

Notes
Turn   | Place    | Note
-------+----------+-------------------------------------------
     0 | Abyss:1  | Azuregosa the Hill Orc Abyssal Knight began the quest for
                  | the Orb.
     0 | Abyss:1  | Reached XP level 1. HP: 19/19 MP: 2/2
    31 | Abyss:2  | Noticed a small abomination
    35 | D:1      | Escaped the Abyss
    70 | D:1      | Reached * piety under Lugonu
   312 | D:1      | Reached skill level 4 in Fighting
   312 | D:1      | Reached XP level 2. HP: 27/27 MP: 3/3
   639 | D:1      | Reached XP level 3. HP: 29/34 MP: 5/5
  1166 | D:2      | Learned a level 2 spell: Call Imp
  1202 | D:2      | Noticed Sigmund
  1408 | D:3      | Found a blossoming altar of Fedhas.
  1460 | D:3      | Reached ** piety under Lugonu
  1690 | D:2      | Mangled by Sigmund

Levels and vault maps discovered:
D:1:      shiori_arrival_maze, layout_loops_ring
D:2:      layout_basic, chequers_ecumenical_altar_island, uniq_sigmund
D:3:      cheibrodos_greedy_goblins, layout_basic, fedhas_altar_2

Skill      XL: |  1 |
---------------+----+-----
Fighting       | 4 |  4.6
Axes           | |  0.4
Maces & Flails | |  2.9
Armour         | |  2.5
Dodging        | |  0.8
Invocations    | |  2.7

Action                   || total
-------------------------++-------
Melee: Mace              ||   103
       Hand axe          ||    34
 Cast: Call Imp          ||     3
Invok: Depart the Abyss  ||     1
  Eat: Chunk             ||     3
Armor: Leather armour    ||    41
Dodge: Dodged            ||    78
